 Dungeon Crawl Stone Soup version 0.30.1 (webtiles) character file.

Game seed: 15365780949680534218

2720 woowoo the Changer (level 9, -2/73 HPs)
             Began as a Black Draconian Transmuter on July 4, 2023.
             Was a Believer of Kikubaaqudgha.
             Slain by Joseph
             ... wielding a +0 quarterstaff of pain
              (15 damage)
             ... on level 7 of the Dungeon.
             The game lasted 00:17:56 (7444 turns).

woowoo the Changer (Black Draconian Transmuter)     Turns: 7444, Time: 00:17:57

Health: -2/73      AC:  0    Str: 14    XL:     9   Next: 39%
Magic:  15/15      EV: 15    Int: 17    God:    Kikubaaqudgha [**....]
Gold:   355        SH:  0    Dex: 11    Spells: 9/17 levels left

rFire   . .          .
                       - Unarmed
rCold   . . .        (shield currently unavailable)
rNeg    . . .        (body armour unavailable)
rPois   .            (helmet currently unavailable)
rElec   .            c - melded +0 cloak
rCorr   .            f - melded +1 pair of gloves
SInv    .            (boots currently unavailable)
Will    .....        g - amulet of faith
Stlth   +            n - melded ring of magical power
HPRegen 0.32/turn    (ring currently unavailable)
MPRegen 0.14/turn

%: faith
@: pig-form (expiring), very quick
A: fast, no casting, (breathe lightning), AC +7, small, unfitting armour,
(electricity resistance), (cold-blooded)
a: Renounce Religion, Unearth Wretches


You were on level 7 of the Dungeon.
You worshipped Kikubaaqudgha.
Kikubaaqudgha was pleased with you.
You were a filthy swine.
You visited 2 branches of the dungeon, and saw 8 of its levels.
You also visited: Ossuary.

You collected 379 gold pieces.
You spent 24 gold pieces at shops.

Inventory:

Missiles
 j - 2 throwing nets
Armour
 c - a +0 cloak (melded)
 f - a +1 pair of gloves (melded)
Jewellery
 g - an amulet of faith (around neck)
 l - a ring of fire
 n - a ring of magical power (melded)
Wands
 o - a wand of flame (24)
 s - a wand of charming (8)
 z - a wand of digging (7)
Scrolls
 r - 3 scrolls of amnesia
 t - a scroll of fear
 u - a scroll of identify
 y - a scroll of enchant weapon
Potions
 a - 2 potions of lignification
 b - 3 potions of attraction
 d - a potion of mutation
 e - 2 potions of curing
 h - 3 potions of haste
 i - a potion of berserk rage {unknown}
 k - 2 potions of flight
 m - a potion of resistance {unknown}
 q - 2 potions of might
 w - a potion of heal wounds {unknown}


   Skills:
 + Level 4.8 Fighting
 + Level 4.4 Dodging
 + Level 5.3 Unarmed Combat
 + Level 4.5 Spellcasting
 * Level 6.4 Necromancy
 * Level 6.9 Transmutations


You had 9 spell levels left.
You knew the following spells:

 Your Spells              Type           Power      Damage    Failure   Level
a - Beastly Appendage     Tmut           54%        N/A       1%          1
b - Wereblood             Tmut           27%        N/A       1%          2
c - Spider Form           Tmut/Pois      15%        N/A       11%         3
d - Cigotuvi's Dreadful   Necr/Pois/Air  22%        N/A       10%         2

Your spell library contained the following spells:

 Spells                   Type           Power      Damage    Failure   Level
 Necrotise                Necr           100%       1d9       1%          1
 Kiss of Death            Conj/Necr      56%        2d9       4%          1
 Animate Dead             Necr           25%        N/A       11%         4
 Freeze                   Ice            12%        1d3       16%         1
 Magic Dart               Conj           12%        1d3       16%         1
 Searing Ray              Conj           6%         2d4       22%         2
 Ice Form                 Ice/Tmut       15%        N/A       34%         4
 Frozen Ramparts          Ice            6%         1d1       41%         3
 Hailstorm                Conj/Ice       3%         3d3       41%         3
 Fulminant Prism          Conj/Hex       1%         3d5       83%         4


Dungeon Overview and Level Annotations

Branches:
Dungeon (7/15)             Temple (1/1) D:4         Ossuary (visited)

Altars:
Ashenzari
Cheibriados
Dithmenos
Elyvilon
Fedhas
Hepliaklqana
Kikubaaqudgha
Makhleb
Nemelex Xobeh
Okawaru
Ru
Sif Muna
Uskayaw
Vehumet
Wu Jian
Xom
Yredelemnul
Zin

Shops:
D:3 =   D:5 ::=*

Annotations:
D:7 Joseph


Innate Abilities, Weirdness & Mutations

You are a filthy swine.
You move quickly.
Your equipment is almost entirely melded.
You are incapable of wielding weapons or throwing items.
You cannot cast spells.
((You can breathe wild blasts of lightning.))
((Your glossy black scales are hard. (AC +7)))
You cannot fit into any form of body armour.
((You are resistant to electric shocks. (rElec)))
((You are cold-blooded and may be slowed by cold attacks.))


Message History

You flicker for a moment.
Joseph closely misses you.
You barely miss Joseph.
Joseph is heavily wounded.
Joseph misses you.
You hit Joseph but do no damage.
Joseph is heavily wounded.
Joseph unwields a +0 quarterstaff of pain.
Joseph wields a +0 sling.
Joseph shoots a sling bullet.
The sling bullet misses you.
You hit Joseph but do no damage.
Joseph is heavily wounded.
Joseph unwields a +0 sling.
Joseph wields a +0 quarterstaff of pain.
Joseph barely misses you.
You barely miss Joseph.
Joseph is heavily wounded.
You barely miss Joseph.
Joseph is heavily wounded.
Joseph hits you with a +0 quarterstaff of pain!
You hit Joseph.
Joseph is heavily wounded.
Your transformation is almost over.
You flicker back into view.
Joseph hits you with a +0 quarterstaff of pain!
* * * LOW HITPOINT WARNING * * *
You writhe in agony.
* * * LOW HITPOINT WARNING * * *
You closely miss Joseph.
Joseph is heavily wounded.
Joseph closely misses you.
You hit Joseph.
Joseph is heavily wounded.
Joseph hits you with a +0 quarterstaff of pain!
* * * LOW HITPOINT WARNING * * *
You writhe in agony.
* * * LOW HITPOINT WARNING * * *
You feel better.
Joseph hits you with a +0 quarterstaff of pain!
You die...
Kikubaaqudgha rasps: "You have failed me!
Welcome... death!"

########## #........
... ...# ..# ##.##
#.###...##
#.##.....####
#######!#.......).#
#.......@......##.#
.#####h##.....##.######
#.##..<..##.....>.
##.###...##########
#..# ###.# # #.## #.# #
#.# #.# # #.# #.# # #.#
.# ..#


You could see Joseph.

Vanquished Creatures
  The ghost of monsoonserge the Carver, a novice MeMo of Nemelex Xobeh (D:5)
  Grinder (D:3)
  A steam dragon (D:7)
  Menkaure (D:6)
  An ice beast (D:7)
  3 ogres
  A centaur (D:6)
  A phantom (D:5)
  4 water moccasin zombies (Ossuary)
  A scorpion (D:6)
  4 wights (D:7)
  A howler monkey (D:6)
  5 orc priests
  3 hounds
  Jessica (D:3)
  A sleepcap (D:3)
  4 iguanas (D:5)
  An orc wizard (D:6)
  2 mummies (Ossuary)
  7 gnolls
  10 adders
  2 white imps (D:6)
  An ufetubus (D:5)
  7 adder zombies (Ossuary)
  4 worms
  4 dart slugs
  17 orcs
  5 bats
  A bat zombie (D:2)
  6 endoplasms
  2 giant cockroaches
  4 gnoll zombies (Ossuary)
  14 goblins
  2 hobgoblins
  7 jackals (D:1)
  5 quokkas
  3 ball pythons
  2 frilled lizards
  5 hobgoblin zombies (Ossuary)
  3 kobolds
  A kobold zombie (D:5)
  3 orc zombies (Ossuary)
  A quokka zombie (D:2)
  4 rats
157 creatures vanquished.

Vanquished Creatures (others)
  Terence (D:3)
1 creature vanquished.

Grand Total: 158 creatures vanquished

Notes
Turn   | Place    | Note
-------+----------+-------------------------------------------
     0 | D:1      | woowoo the Draconian Transmuter began the quest for the
                  | Orb.
     0 | D:1      | Reached XP level 1. HP: 16/16 MP: 3/3
    22 | D:1      | Reached XP level 2. HP: 19/23 MP: 5/5
    51 | D:1      | Reached skill level 1 in Necromancy
    61 | D:1      | Learned a level 2 spell: Wereblood
   566 | D:2      | Reached XP level 3. HP: 25/28 MP: 2/6
   805 | D:2      | Reached XP level 4. HP: 19/36 MP: 3/7
  1128 | D:2      | You fall into a shaft and drop 2 floors!
  1189 | D:4      | Noticed an ogre
  1215 | D:4      | Killed an ogre
  1216 | D:4      | Reached XP level 5. HP: 41/41 MP: 8/8
  1588 | D:3      | Noticed Grinder
  1600 | D:3      | Reached XP level 6. HP: 46/48 MP: 10/10
  1608 | D:3      | Paralysed by Grinder for 5 turns
  1614 | D:3      | Paralysed by Grinder for 4 turns
  1624 | D:3      | Killed Grinder
  2173 | D:3      | Your scales start taking on a glossy black colour.
  2173 | D:3      | Reached XP level 7. HP: 49/56 MP: 11/11
  2173 | D:3      | Gained mutation: You are resistant to electric shocks.
                  | (rElec) [Black Draconian growth]
  2323 | D:3      | Found Uhyethrol's Jewellery Shoppe.
  2386 | D:3      | Learned a level 3 spell: Spider Form
  2623 | D:3      | Noticed Jessica
  2625 | D:3      | Noticed Terence
  2640 | D:3      | Killed Terence
  2642 | D:3      | Killed Jessica
  2914 | D:4      | Found a basalt altar of Yredelemnul.
  2932 | D:4      | Found a staircase to the Ecumenical Temple.
  2949 | Temple   | Entered the Ecumenical Temple
  3121 | Temple   | Became a worshipper of Kikubaaqudgha
  3597 | D:5      | Entered Level 5 of the Dungeon
  3620 | D:5      | Found a shadowy altar of Dithmenos.
  3757 | D:5      | Reached skill level 5 in Transmutations
  3801 | D:5      | Found a sand-covered staircase.
  3811 | Ossuary  | Entered an ossuary
  3833 | Ossuary  | Reached * piety under Kikubaaqudgha
  3833 | Ossuary  | Received a gift from Kikubaaqudgha
  3844 | Ossuary  | Reached XP level 8. HP: 52/63 MP: 13/13
  4203 | D:5      | Found Zaissuze's Book Emporium.
  4227 | D:5      | Found Haof's Jewellery Boutique.
  4240 | D:5      | Reached ** piety under Kikubaaqudgha
  4241 | D:5      | Found Fyuluh's General Store.
  4254 | D:5      | Bought a scroll of identify for 24 gold pieces
  4256 | D:5      | Found a runed translucent door.
  4260 | D:5      | Noticed monsoonserge's ghost (novice MeMo)
  4316 | D:5      | Reached skill level 5 in Necromancy
  4416 | D:5      | Found Banya's Book Emporium.
  4473 | D:5      | Learned a level 2 spell: Cigotuvi's Dreadful Rot
  4740 | D:5      | Killed monsoonserge's ghost
  4775 | D:6      | Reached skill level 5 in Unarmed Combat
  4810 | D:6      | Reached XP level 9. HP: 61/72 MP: 15/15
  4897 | D:6      | Found a broken altar of Ashenzari.
  5461 | D:7      | Noticed Menkaure
  5463 | D:7      | HP: 2/65 [wight/+2 spear (4)]
  6479 | D:6      | Killed Menkaure
  7411 | D:7      | Noticed Joseph
  7444 | D:7      | Slain by Joseph

Illustrated notes

Levels and vault maps discovered:
D:1:      dpeg_arrival_pond, layout_rooms, minmay_tromino_v2
D:2:      layout_rooms, basic_altar, serial_undead, serial_undead_b,
          serial_undead_b, serial_undead_a, serial_undead_c, serial_undead_b,
          serial_undead_a
D:3:      layout_loops_cross, serial_shops, shop, minmay_quadrilaterals,
          uniq_grinder, uniq_terence, uniq_jessica
D:4:      layout_basic, mainiacjoe_overflow_concentric_impassable, temple_hall,
          amcnicky_mini_rare_corridor_liquid, minmay_stone_trees_large,
          kennysheep_nondescript, serial_bayou_pond_d, serial_park_tiny_2,
          serial_bayou_pond_c
D:5:      layout_gridville, mainiacjoe_overflow_boulevard,
          ebering_ghost_reflecting_pool, enter_ossuary_3, serial_shops,
          kennysheep_little_box, shop, nicolae_inconvenience_store,
          chequers_garden, palyth_stone_intersect, supply_closet_lemuel,
          nicolae_stop_n_shop_2, minmay_ogre_servants
D:6:      layout_basic, mainiacjoe_overflow_brackets
D:7:      minmay_evil_eye, layout_loops_ring,
          mainiacjoe_overflow_small_starburst, roderic_three_in_a_row,
          uniq_menkaure, uniq_joseph
Temple:   bh_familiar_temple

Skill      XL: |  1  2  3  4  5  6  7  8  9 |
---------------+----------------------------+-----
Necromancy     | 1 2 3 4 5 6 |  6.4
Dodging        | 2 3 4 |  4.4
Transmutations | 3 4 5 6 |  6.9
Fighting       | 2 3 4 |  4.8
Spellcasting   | 3 4 |  4.5
Unarmed Combat | 4 5 |  5.3

Action                     |  1- 3 |  4- 6 |  7- 9 || total
---------------------------+-------+-------+-------++-------
  Melee: Unarmed           |    79 |    91 |   400 ||   570
         Kick              |    22 |    23 |   119 ||   164
         Headbutt          |    14 |     8 |    59 ||    81
         Punch             |     2 |     3 |    12 ||    17
         Tailslap          |     6 |     8 |    53 ||    67
   Cast: Beastly Appendage |    16 |    17 |    46 ||    79
         Wereblood         |     5 |     5 |    14 ||    24
Ability: Breathe Lightning |       |       |     2 ||     2
    Use: Scroll            |       |     8 |    11 ||    19
         Potion            |       |     3 |     9 ||    12
   Stab: Sleeping          |     1 |       |       ||     1
         Invisible         |       |     1 |     1 ||     2
 Armour: Skin              |    25 |    19 |   142 ||   186
  Dodge: Dodged            |    50 |    49 |   270 ||   369
